cohdb
Replays
Latest Replays
All Replays
Popular Replays
Top Player Replays
Match Explorer
How It Works
Community
CoH3 Stats
Reddit
Sign in to upload your games and track your stats! →
Sign in with Steam
Match 45811055
Unlisted
Match 45811055
Overview
Messages
Build Orders
End
Engineer Squad
Construct Barracks
Selects Heavy Weapons
Riflemen Squad
M1 Mortar Team
Riflemen Squad
Construct Weapon Support Center
Construct Weapon Support Center
Grenade Package
Selects Assault Carriers
Air Support Center
M3 Assault Carrier
Selects Exchangeable Parts
M1918 Browning Automatic Rifles
Riflemen Squad
Construct Medical Station
Grasshopper Recon Run
M3 Assault Carrier
Grasshopper Recon Run
P-47 Strafing Run
Riflemen Squad
Grasshopper Recon Run
Double Sortie
Air Supply
P-47 Strafing Run
Grasshopper Recon Run
P-47 Strafing Run
Grasshopper Recon Run
.30 cal Machine Gun
Construct Tank Depot
Construct Tank Depot
P-47 Strafing Run
M18 Hellcat Tank Destroyer
Selects M26 Pershing Heavy Tank
M26 Pershing Heavy Tank
P-47 Strafing Run
Grasshopper Recon Run
Forward Retreat Point
M18 Hellcat Tank Destroyer
Abeli
Egor
Kham
健力宝
花落灬归尘
懦夫!
BaBaBuLuBaBear
Destor
0
0
Comments
sign in to comment!
No comments posted yet!